 Dungeon Crawl Stone Soup version 0.27.0-1-g7a089689b8 (webtiles) character file.

Game seed: 13364612871069492881

7099 freelancePsychic the Basher (level 10, -4/99 HPs)
             Began as a Minotaur Berserker on Aug 14, 2021.
             Was a High Priest of Trog.
             Killed from afar by an air elemental (11 damage)
             ... with a stunning burst
             ... while paralysed by an air elemental
             ... on level 1 of the Elven Halls.
             The game lasted 00:19:38 (5155 turns).

freelancePsychic the Basher (Minotaur Berserker)    Turns: 5155, Time: 00:19:39

Health: -4/99      AC: 13    Str: 22    XL:     10   Next: 84%
Magic:  9/9        EV:  2    Int:  4    God:    Trog [*****.]
Gold:   375        SH:  0    Dex: 13    Spells: 9/9 levels left

rFire    . . .     SeeInvis .   u - +0 dire flail (protect)
rCold    . . .     Faith    .   (shield currently unavailable)
rNeg     . . .     Spirit   .   g - +0 chain mail
rPois    +         Reflect  .   (helmet restricted)
rElec    .         Harm     .   (no cloak)
rCorr    +         Rampage  .   s - +0 pair of gloves
Will     .....                  t - +1 pair of boots
Stlth    ..........             m - amulet of regeneration
HPRegen  1.26/turn              b - ring of resist corrosion
MPRegen  0.11/turn              v - ring of poison resistance

@: paralysed
A: horns 2, retaliatory headbutt
a: Renounce Religion, Berserk, Trog's Hand, Brothers in Arms


You were on level 1 of the Elven Halls.
You worshipped Trog.
Trog was extremely pleased with you.
You visited 3 branches of the dungeon, and saw 14 of its levels.

You collected 375 gold pieces.

Inventory:

Hand Weapons
 a - a +0 mace
 q - a +3 mace of protection
 u - a +0 dire flail of protection (weapon)
Missiles
 y - 8 javelins (quivered)
Armour
 g - a +0 chain mail (worn)
 s - a +0 pair of gloves (worn)
 t - a +1 pair of boots (worn)
 x - a +0 kite shield
Jewellery
 b - a ring of resist corrosion (left hand)
 l - a ring of ice
 m - an amulet of regeneration (around neck)
 v - a ring of poison resistance (right hand)
 z - a ring of ice
Wands
 r - a wand of mindburst (7)
Scrolls
 e - 2 scrolls of enchant weapon
 j - 2 scrolls of immolation
 k - 2 scrolls of fog
 o - a scroll of amnesia
 p - 3 scrolls of vulnerability
 w - 2 scrolls of teleportation {@r4}
Potions
 c - 2 potions of lignification
 d - 3 potions of curing {unknown}
 f - a potion of mutation
 h - 2 potions of berserk rage {unknown}
 i - 4 potions of attraction {unknown}
 n - a potion of brilliance {unknown}


   Skills:
 + Level 12.3 Fighting
 - Level 14.0 Maces & Flails
 + Level 5.6 Armour
 + Level 5.2 Dodging


You had 9 spell levels left.
You didn't know any spells.
Your spell library was empty.

Dungeon Overview and Level Annotations

Branches:
Dungeon (11/15)              Lair (0/6) D:11            Orc (2/2) D:11
    Elf (1/3) Orc:2
 Temple: D:4-7

Altars:
Fedhas
Gozag
Hepliaklqana
Qazlal
Sif Muna
Uskayaw
Yredelemnul
Zin
The Shining One

Shops:
D:4 :   D:8 *   D:10 *   Orc:1 *


Innate Abilities, Weirdness & Mutations

You have a pair of horns on your head.
You reflexively headbutt those who attack you in melee.


Message History

The warg bites you but does no damage.
You hit the warg.
You kill the warg!
Trog accepts your kill.
Trog will now gift you melee weapons as you gain piety.
You start resting.
HP restored.
Okay, then.
You climb downwards.
Welcome to the Elven Halls! 2 dancing weapons, an orc sorcerer, 2 elves and 2 elementals come into view.
There is a +3 vorpal halberd.
There is a +0 long sword of holy wrath.
The deep elf pyromancer shouts!
Found a flail, 39 gold pieces and a scroll of fog.
Found an escape hatch in the floor.
There is a staircase back to the Mines here.
A water elemental and 2 deep elf zephyrmancers come into view.
The deep elf zephyrmancer shouts!
You hear a shout!
The deep elf zephyrmancer gestures at you while chanting.
The bolt of lightning hits you!!
The deep elf zephyrmancer points at you and mumbles some strange words.
The bolt of lightning hits you!!
The orc sorcerer casts a spell.
A deep elf knight comes into view. It is wielding a +0 short sword.
You hear a shout!
The deep elf knight shouts!
The air elemental fires a burst of electricity at you.
The stunning burst misses you.
A deep elf knight comes into view. It is wielding a +0 short sword.
The deep elf zephyrmancer gestures at you while chanting.
The bolt of lightning hits you!!!
* * * LOW HITPOINT WARNING * * *
Something hits you.
* * * LOW HITPOINT WARNING * * *
Deactivating autopickup; reactivate with Ctrl-A.
There is an escape hatch in the floor here.
The deep elf knight shouts!
Something hits you but does no damage.
The air elemental fires a burst of electricity at you.
The stunning burst hits you!
You suddenly lose the ability to move!
You die...

##.#....⌠..
....e.... .#
......e .. ...
#Ee...# ..#
.?.##.....##..#
..............#
+.........(....
...$(..@.......
...)..........#
.......<......#
...##.E...##...
.. #.$..E# .# .
....e..○. #
........e.#
....#..######
..#####


You could see 2 deep elf knights, a water elemental, a deep elf pyromancer, 2
deep elf zephyrmancers, a fire elemental, an air elemental and 2 dancing
weapons.

Vanquished Creatures
  A centaur warrior (D:10)
  An orc knight (Orc:1)
  2 trolls (D:11)
  9 yaks
  A warg (Orc:2)
  An acid dragon (D:11)
  A water moccasin (D:8)
  11 orc warriors
  An ice beast (D:6)
  A black bear (D:4)
  2 ogres
  5 centaurs
  A phantom (D:5)
  6 kobold brigands
  A bullfrog (D:8)
  4 gnoll sergeants (D:11)
  A scorpion (D:5)
  A water moccasin skeleton (D:5)
  3 killer bees (D:6)
  3 howler monkeys (D:8)
  5 electric eels (D:10)
  A hound (D:6)
  2 orc priests
  A bullfrog skeleton (D:5)
  A gnoll shaman (D:5)
  2 jellies
  2 iguanas (D:5)
  10 orc wizards
  A killer bee zombie (D:8)
  A hound skeleton (D:4)
  A howler monkey zombie (D:8)
  6 gnolls
  8 adders
  A white imp (D:8)
  An adder skeleton (D:4)
  A worm (D:2)
  3 dart slugs
  28 orcs
  3 bats
  5 endoplasms
  2 giant cockroaches (D:1)
  5 goblins
  5 hobgoblins
  12 kobolds
  A quokka (D:1)
  2 ball pythons
  4 frilled lizards
  3 rats
173 creatures vanquished.

Notes
Turn   | Place    | Note
-------+----------+-------------------------------------------
     0 | D:1      | freelancePsychic the Minotaur Berserker began the quest for
                  | the Orb.
     0 | D:1      | Reached XP level 1. HP: 19/19 MP: 0/0
   179 | D:1      | Reached skill level 4 in Maces & Flails
   237 | D:1      | Reached XP level 2. HP: 22/27 MP: 1/1
   827 | D:2      | Found a blossoming altar of Fedhas.
  1052 | D:2      | Reached XP level 3. HP: 28/33 MP: 2/2
  1353 | D:2      | Reached skill level 5 in Maces & Flails
  1586 | D:3      | Reached ** piety under Trog
  1661 | D:3      | Reached XP level 4. HP: 41/41 MP: 3/3
  1986 | D:4      | Found Sadyli's Book Boutique.
  2169 | D:4      | Noticed a black bear
  2179 | D:4      | Killed a black bear
  2180 | D:4      | Reached skill level 5 in Fighting
  2180 | D:4      | Reached skill level 6 in Maces & Flails
  2180 | D:4      | Reached XP level 5. HP: 48/48 MP: 4/4
  2228 | D:4      | Noticed an ogre
  2234 | D:4      | Killed an ogre
  2235 | D:4      | Reached skill level 7 in Maces & Flails
  2235 | D:4      | Reached XP level 6. HP: 56/56 MP: 5/5
  2295 | D:5      | Entered Level 5 of the Dungeon
  2388 | D:5      | Reached skill level 8 in Maces & Flails
  2395 | D:5      | Reached XP level 7. HP: 63/63 MP: 6/6
  2468 | D:5      | Found a shimmering blue altar of Sif Muna.
  2501 | D:5      | Reached *** piety under Trog
  2508 | D:5      | Reached skill level 9 in Maces & Flails
  2608 | D:6      | Reached XP level 8. HP: 56/73 MP: 7/7
  2624 | D:6      | Reached skill level 10 in Maces & Flails
  3116 | D:8      | Found Seykeusm's Profane Products.
  3330 | D:8      | Reached skill level 11 in Maces & Flails
  3348 | D:8      | Reached XP level 9. HP: 83/83 MP: 8/8
  3352 | D:8      | Reached skill level 12 in Maces & Flails
  3816 | D:9      | Reached skill level 13 in Maces & Flails
  4226 | D:10     | Entered Level 10 of the Dungeon
  4229 | D:10     | Noticed a centaur warrior
  4246 | D:10     | Killed a centaur warrior
  4247 | D:10     | Reached skill level 10 in Fighting
  4330 | D:10     | Found a hazy altar of Hepliaklqana.
  4333 | D:10     | Reached XP level 10. HP: 85/94 MP: 9/9
  4333 | D:10     | Reached **** piety under Trog
  4340 | D:10     | Found a basalt altar of Yredelemnul.
  4341 | D:10     | Found an opulent altar of Gozag.
  4358 | D:10     | Reached skill level 14 in Maces & Flails
  4379 | D:10     | Found a hide-covered altar of Uskayaw.
  4380 | D:10     | Found a glowing silver altar of Zin.
  4382 | D:10     | Found a stormy altar of Qazlal.
  4413 | D:10     | Found a glowing golden altar of the Shining One.
  4413 | D:10     | Found a blossoming altar of Fedhas.
  4461 | D:10     | Found the +5 robe of Misfortune {Contam Harm *Corrode Drain
                  | *Slow EV+5}
  4841 | D:10     | Found Cumonake's General Store.
  4877 | D:11     | Identified the +6 trident of the Five Spreadsheets {freeze,
                  | Drain Int+5}
  4916 | D:11     | Found a staircase to the Orcish Mines.
  5012 | Orc:1    | Entered Level 1 of the Orcish Mines
  5014 | Orc:1    | Noticed an orc knight
  5068 | Orc:1    | Killed an orc knight
  5069 | Orc:1    | Reached skill level 5 in Armour
  5087 | Orc:1    | Reached skill level 5 in Dodging
  5130 | Orc:1    | Found Ulupn's Overcharged Wands.
  5133 | Orc:2    | Entered Level 2 of the Orcish Mines
  5133 | Orc:2    | Found a staircase to the Elven Halls.
  5144 | Orc:2    | Reached ***** piety under Trog
  5152 | Elf:1    | Entered Level 1 of the Elven Halls
  5152 | Elf:1    | Noticed a deep elf zephyrmancer
  5152 | Elf:1    | Noticed an orc sorcerer
  5152 | Elf:1    | Noticed a +3 vorpal halberd
  5152 | Elf:1    | Noticed a +0 long sword of holy wrath
  5152 | Elf:1    | Noticed a deep elf pyromancer
  5153 | Elf:1    | Noticed a deep elf zephyrmancer
  5153 | Elf:1    | Noticed a deep elf zephyrmancer
  5153 | Elf:1    | Noticed a deep elf knight
  5154 | Elf:1    | Noticed a deep elf knight
  5155 | Elf:1    | Paralysed by an air elemental for 1 turns
  5155 | Elf:1    | Killed from afar by an air elemental

Illustrated notes

Levels and vault maps discovered:
D:1:      shiori_arrival_elements, layout_basic
D:2:      layout_loops_ring, basic_altar, roderic_lattice_a, minmay_lizard_pond
D:3:      layout_basic, old_standard_altar, elyvilon_altar_3,
          minmay_misc_feat_alley
D:4:      cheibrodos_greedy_goblins, layout_cave_pools, temple_doors_ab,
          serial_shops, nicolae_diamond_shop, grunt_ministairs_7
D:5:      layout_loops_ring, lemuel_crystal_altar, corexii_checkpoint_a
D:6:      layout_loops_ring, mainiacjoe_overflow_alcove_2, due_unseen_surprise
D:7:      layout_gridville
D:8:      layout_basic, nicolae_evil_shop
D:9:      layout_stronghold, serial_bayou_crossing
D:10:     layout_basic, chequers_temple_overflow_statue_of_worship,
          grunt_temple_overflow_open, serial_shops, nicolae_shop_behind_doors
D:11:     layout_loops_ring, lair_entry_dummy,
          kennysheep_orc_monster_closet_entryway, nicolae_lava_and_water,
          evilmike_minifort
Orc:1:    layout_caves, roderic_batcave, nicolae_orc_sculptors_studio,
          nicolae_shop_overcharged_wands
Orc:2:    st_orc_pillars, layout_diamond_mine, nicolae_orc_pool_cavern,
          uniq_jorgrun
Elf:1:    eino_elf_arrival_customs, layout_geoelf_diagonals,
          ebering_ghost_reflecting_pool, hangedman_elf_represent,
          hangedman_glass_teeth, evilmike_ambush [evilmike_ambush_outer_corners,
          evilmike_ambush_inner_wall_1]

Skill      XL: |  1  2  3  4  5  6  7  8  9 10 |
---------------+-------------------------------+-----
Maces & Flails | 4 5 6 7 8 9 11 13 14 | 14.0
Fighting       | 4 5 6 7 9 10 12 | 12.3
Armour         | 5 |  5.6
Dodging        | 5 |  5.2

Action                   |  1- 3 |  4- 6 |  7- 9 | 10-12 || total
-------------------------+-------+-------+-------+-------++-------
Melee: Mace              |    64 |    75 |   111 |       ||   250
       Headbutt          |    10 |    14 |    43 |    36 ||   103
       Dire flail        |       |       |   126 |   135 ||   261
Invok: Berserk           |     1 |     6 |     6 |     2 ||    15
       Trog's Hand       |       |       |     2 |       ||     2
Evoke: Wand              |       |       |     1 |     7 ||     8
  Use: Scroll            |     1 |     2 |     7 |     1 ||    11
       Potion            |       |       |     1 |       ||     1
Armor: Animal skin       |     6 |       |       |       ||     6
       Chain mail        |    20 |    57 |    97 |    92 ||   266
       Skin              |       |       |    37 |       ||    37
Dodge: Dodged            |    23 |    27 |    71 |    65 ||   186
